AoeStats
← Ken

Black Forest

504650385Analyzed
1v1 RM · 25d ago on Sep 6, 2026· 64m 36s· 2 players
Game mode
Random Map
Map size
Tiny (2 player)
Population
200
Speed
Normal
Resources
Standard
Victory
Conquest
Starting age
Dark Age
Ending age
Imperial Age
RankedLock teamsTeams togetherTeam positionsShared explorationLock speedFull tech treeHidden civsTurbo modeCheats
Victory
Defeat
🇨🇳 Celts · China
918
+16
🇨🇦 Celts · Canada
917
-16
CreativeRook
10:54 Feudal Age
16:35 Castle Age
14:56 Double-Bit Axe
14:53 Horse Collar
15:34 Stone Mining
15:38 Gold Mining
16:34 Loom
17:32 Wheelbarrow
16:43 Town Watch
19:52 Bow Saw
21:08 Heavy Plow
23:56 Fletching
25:28 Bodkin Arrow
26:29 Scale Mail Armor
26:41 Forging
31:21 Imperial Age
29:45 Hand Cart
30:04 Chain Mail Armor
30:17 Town Patrol
31:20 Iron Casting
33:29 Siege Engineers
34:06 Ballistics
34:22 Plate Mail Armor
34:53 Blast Furnace
36:45 Elite Woad Raider
40:09 Onager
41:17 Siege Onager
43:05 Gold Shaft Mining
43:11 Furor Celtica
43:52 Hoardings
43:39 Conscription
44:33 Chemistry
43:50 Masonry
43:38 Stronghold
60:32 Scale Barding Armor
61:52 Chain Barding Armor
61:00 Light Cavalry
62:05 Husbandry
62:29 Hussar
Ken
1:01 Loom
11:52 Feudal Age
17:36 Castle Age
15:56 Double-Bit Axe
19:01 Horse Collar
21:12 Heavy Plow
25:15 Wheelbarrow
27:32 Gold Mining
32:11 Imperial Age
30:32 Husbandry
32:04 Scale Barding Armor
32:10 Forging
33:30 Chain Barding Armor
33:01 Fletching
33:12 Padded Archer Armor
33:13 Scale Mail Armor
34:04 Conscription
34:44 Iron Casting
33:51 Treadmill Crane
34:10 Murder Holes
35:50 Conscription
36:21 Heavy Scorpion
36:44 Cavalier
38:08 Gold Shaft Mining
37:23 Stone Mining
40:12 Chemistry
39:32 Ballistics
40:36 Paladin
42:03 Ballistics
41:23 Capped Ram
42:49 Hand Cart
45:17 Light Cavalry
46:45 Furor Celtica
46:25 Stronghold
47:31 Chain Mail Armor
50:45 Blast Furnace
50:52 Bow Saw
50:34 Hussar
Connection lost

Rejoining the realm…

Still unreachable

The connection could not be restored.

Session expired

The server has moved on; the page needs a fresh start.